 Dungeon Crawl Stone Soup version 0.24-a0-181-gd121a6d (webtiles) character file.

Game seed: 7182944888590547312

697 galech the Chopper (level 7, -7/55 HPs)
             Began as a Demonspawn Fighter on Mar 14, 2019.
             Killed by divine providence
             ... invoked by an orc priest
              (10 damage)
             ... on level 8 of the Dungeon.
             The game lasted 00:03:50 (3146 turns).

galech the Chopper (Demonspawn Fighter)             Turns: 3146, Time: 00:03:51

Health: -7/55      AC: 10    Str: 14 (16) XL:     7   Next: 38%
Magic:  7/7        EV:  4    Int: 13 (14) God:
Gold:   206        SH:  9    Dex: 13 (15) Spells: 6/6 levels left

rFire    . . .     SeeInvis .   h - +1 hand axe (freeze)
rCold    + . .     Gourm    .   c - +0 shield
rNeg     . . .     Faith    .   s - +1 chain mail {rC+}
rPois    .         Spirit   .   (helmet restricted)
rElec    .         Reflect  .   (no cloak)
rCorr    .         Harm     .   (no gloves)
MR       .....                  (no boots)
Stlth    ..........             (no amulet)
HPRegen  0.18/turn              (no ring)
MPRegen  0.10/turn              (no ring)

@: brilliant, lightly drained
A: horns 2, foul stench 1, rot immunity
a: no special abilities


You were on level 8 of the Dungeon.
You were not hungry.

You visited 2 branches of the dungeon, and saw 7 of its levels.

You collected 206 gold pieces.

Inventory:

Hand Weapons
 a - a +0 war axe
 h - a +1 hand axe of freezing (weapon)
Armour
 c - a +0 shield (worn)
 m - a +2 leather armour of poison resistance
 s - a +1 chain mail of cold resistance (worn)
Wands
 r - a wand of random effects (24)
 t - a wand of flame (12)
Scrolls
 b - 3 scrolls of amnesia
 d - a scroll of blinking {unknown}
 e - 3 scrolls of remove curse
 i - 3 scrolls of fear
 l - a scroll of noise
 n - a scroll of magic mapping
 p - 3 scrolls of teleportation {unknown}
 q - a scroll of fog {unknown}
 v - a scroll of enchant weapon {unknown}
Potions
 j - 2 potions of brilliance
 o - 2 potions of ambrosia
Comestibles
 f - 10 rations


   Skills:
 + Level 4.6(4.4) Fighting
 + Level 5.0(4.7) Axes
 + Level 4.3(4.1) Armour
 + Level 1.0(0.8) Dodging
 + Level 0.1(0.0) Stealth
 + Level 3.8(3.5) Shields


You had 6 spell levels left.
You didn't know any spells.
Your spell library was empty.

Dungeon Overview and Level Annotations

Branches:
Dungeon (5/15)             Temple (1/1) D:4

Altars:
Ashenzari
Cheibriados
Dithmenos
Elyvilon
Gozag
Hepliaklqana
Kikubaaqudgha
Makhleb
Sif Muna
Trog
Uskayaw
Wu Jian
Xom
Yredelemnul


Innate Abilities, Weirdness & Mutations

You have a pair of horns on your head.
You may emit foul miasma when damaged in melee.
You are immune to rotting.


Message History

Your chain mail prevents you from hitting the orc.
You hit the adder skeleton.
You destroy the adder skeleton!
The bullfrog hits you.
* * * LOW HITPOINT WARNING * * *
You block the orc's attack. You block the orc priest's attack.
You block the bullfrog's attack.
The orc wizard hits you but does no damage.
The orc priest miscasts a cantrip.
You closely miss the orc priest.
The orc priest is almost dead.
You hit the bullfrog. You freeze the bullfrog.
You kill the bullfrog!
Your base Axes skill increases to level 5!
Your shield and chain mail prevent you from hitting the orc wizard.
You hit the orc wizard. You freeze the orc wizard.
The phantom blinks!
The orc wizard barely misses you.
The orc priest calls down the wrath of Beogh upon you.
Beogh smites you!
You die...

. ####.# .
#.....#
.#.......
#........
#........
#.o.W....
#oo......
#@o.ยง....
#.o......
##.......
#.....#
######


You could see a phantom, 2 orc priests, 2 orc wizards and an orc.

Vanquished Creatures
  Grinder (D:4)
  An ogre (D:4)
  A bullfrog (D:8)
  An iguana (D:4)
  2 orc wizards (D:8)
  Ijyb (D:3)
  A worker ant (D:4)
  Natasha (thrice) (D:3)
  Robin (D:4)
  5 adders
  2 oozes
  An adder skeleton (D:8)
  3 worms
  2 dart slugs
  3 leopard geckos
  6 orcs
  3 bats
  6 giant cockroaches
  15 goblins
  5 hobgoblins
  3 jackals (D:1)
  A quokka (D:4)
  A ball python (D:1)
  6 frilled lizards
  A jackal skeleton (D:4)
  5 kobolds
  10 rats
90 creatures vanquished.

Notes
Turn   | Place    | Note
-------+----------+-------------------------------------------
     0 | D:1      | galech the Demonspawn Fighter began the quest for the Orb.
     0 | D:1      | Reached XP level 1. HP: 18/18 MP: 1/1
   145 | D:1      | Gained mutation: You have a pair of small horns on your
                  | head. [demonic ancestry]
   145 | D:1      | Reached XP level 2. HP: 22/24 MP: 2/2
   187 | D:1      | Reached skill level 2 in Axes
   608 | D:2      | Gained mutation: You have a pair of horns on your head.
                  | [demonic ancestry]
   608 | D:2      | Reached XP level 3. HP: 29/29 MP: 3/3
   813 | D:2      | Found a snail-covered altar of Cheibriados.
  1120 | D:3      | Gained mutation: You are immune to rotting. [demonic
                  | ancestry]
  1120 | D:3      | Reached XP level 4. HP: 28/36 MP: 4/4
  1325 | D:3      | Reached skill level 3 in Axes
  1417 | D:3      | Noticed Natasha
  1420 | D:3      | Killed Natasha
  1420 | D:3      | Noticed Ijyb
  1438 | D:3      | Killed Ijyb
  1438 | D:3      | Reached XP level 5. HP: 42/42 MP: 5/5
  1597 | D:3      | Noticed Natasha
  1606 | D:3      | Killed Natasha
  1638 | D:3      | Noticed Natasha
  1645 | D:3      | Killed Natasha
  2007 | D:4      | Noticed Robin
  2017 | D:4      | Killed Robin
  2091 | D:4      | Reached skill level 4 in Axes
  2129 | D:4      | Found a staircase to the Ecumenical Temple.
  2144 | D:4      | Gained mutation: You may emit foul miasma when damaged in
                  | melee. [demonic ancestry]
  2144 | D:4      | Reached XP level 6. HP: 48/48 MP: 6/6
  2150 | Temple   | Entered the Ecumenical Temple
  2452 | D:4      | Noticed Grinder
  2479 | D:4      | Paralysed by Grinder for 2 turns
  2483 | D:4      | Killed Grinder
  2634 | D:4      | Reached skill level 1 in Dodging
  2634 | D:4      | Reached XP level 7. HP: 8/55 MP: 7/7
  3109 | D:5      | Entered Level 5 of the Dungeon
  3131 | D:5      | You fall through a shaft for 3 floors!
  3146 | D:8      | Reached skill level 5 in Axes
  3146 | D:8      | Killed from afar by an orc priest

Levels and vault maps discovered:
D:1:      dpeg_arrival_tiny_a, layout_rooms, serial_curves, eino_curves_04,
          eino_curves_01
D:2:      layout_basic, cheibriados_altar_1
D:3:      layout_basic, uniq_natasha, uniq_ijyb
D:4:      layout_loops_ring, minmay_temple_entry_arrows, uniq_grinder,
          uniq_robin
D:5:      layout_loops_ring, gammafunk_temple_overflow_pools, first_ration
D:8:      layout_rooms, hangedman_incinerator, uniq_maurice
Temple:   cyrus_circular_temple

Skill      XL: |  1  2  3  4  5  6  7 |
---------------+----------------------+-----
Axes           | 2 3 4 5 |  5.0
Armour         | 3 4 |  4.3
Shields        | 3 |  3.8
Fighting       | 4 |  4.6
Dodging        | 1 |  1.0
Stealth        | |  0.1

Action                   |  1- 3 |  4- 6 |  7- 9 || total
-------------------------+-------+-------+-------++-------
Melee: Hand axe          |    76 |   151 |    14 ||   241
       War axe           |    10 |       |       ||    10
       Headbutt          |     8 |    23 |     5 ||    36
  Use: Scroll            |       |     5 |       ||     5
       Potion            |       |     1 |     4 ||     5
  Eat: Chunk             |     1 |     4 |       ||     5
       Ration            |       |       |     1 ||     1
Armor: Scale mail        |    34 |     9 |       ||    43
       Chain mail        |       |    52 |    25 ||    77
Dodge: Dodged            |    25 |    29 |     4 ||    58
Block: Shield            |    31 |    68 |    10 ||   109

Table legend:
 A = Non-vault XP
 B = Vault XP
 C = Vault XP percentage of total XP
 D = Non-vault monster count
 E = Vault monster count
 F = Vault count percentage of total count
                 A         B        C        D         E       F
            +---------+---------+-------+---------+---------+-------
      Total |     627 |     370 |  37.1 |      78 |      12 |  13.3
            +---------+---------+-------+---------+---------+-------
        D:1 |      34 |       0 |   0.0 |      19 |       0 |   0.0
        D:2 |      58 |       0 |   0.0 |      16 |       0 |   0.0
        D:3 |     141 |      68 |  32.5 |      28 |       2 |   6.7
        D:4 |     225 |     302 |  57.3 |      10 |      10 |  50.0
        D:8 |     169 |       0 |   0.0 |       5 |       0 |   0.0
            +---------+---------+-------+---------+---------+-------
